 Dungeon Crawl Stone Soup version 0.26-a0-466-g989023bd0d (webtiles) character file.

Game seed: 8429873252028328066

96 Apogee the Chucker (level 4, 0/48 HPs)
             Began as an Ogre Hunter on Aug 7, 2020.
             Killed by divine providence
             ... invoked by an orc priest
              (12 damage)
             ... on level 3 of the Dungeon.
             The game lasted 00:03:25 (2940 turns).

Apogee the Chucker (Ogre Hunter)                    Turns: 2940, Time: 00:03:26

Health: 0/48       AC:  3    Str: 17    XL:     4   Next: 67%
Magic:  4/4        EV: 10    Int: 14    God:
Gold:   136        SH:  0    Dex:  9    Spells: 3/3 levels left

rFire    + . .     SeeInvis .   l - +4 mace (vorpal)
rCold    + . .     Faith    .   (no shield)
rNeg     . . .     Spirit   .   b - +0 robe
rPois    +         Reflect  .   (helmet restricted)
rElec    +         Harm     .   h - scarf {repulsion}
rCorr    +                      (gloves unavailable)
MR       .....                  (boots unavailable)
Stlth    +.........             (no amulet)
HPRegen  0.16/turn              (no ring)
MPRegen  0.09/turn              (no ring)

@: resistant, stab, repel missiles
A: large, unfitting armour, clever 1, tough skin 1, evolution 1
a: no special abilities


You were on level 3 of the Dungeon.
You visited 1 branch of the dungeon, and saw 3 of its levels.

You collected 136 gold pieces.

Inventory:

Hand Weapons
 a - a +0 short sword
 l - a +4 vorpal mace (weapon)
   (You found it on level 1 of the Dungeon)
Missiles
 c - 5 large rocks (quivered)
 d - 2 throwing nets {!f}
 p - 2 atropa-tipped darts
Armour
 b - a +0 robe (worn)
 h - a scarf of repulsion (worn)
   (You found it on level 1 of the Dungeon)
Jewellery
 o - an uncursed ring of protection from cold
   (You took it off a goblin on level 2 of the Dungeon)
Scrolls
 e - 4 scrolls of identify {unknown}
 f - a scroll of amnesia {unknown}
 g - 4 scrolls of teleportation {unknown}
 k - a scroll of enchant weapon {unknown}
 m - a scroll of magic mapping {unknown}
 n - 2 scrolls of fog {unknown}
Potions
 j - a potion of stabbing
 q - a potion of resistance
 r - a potion of mutation {!q}


   Skills:
 + Level 3.9 Fighting
 * Level 1.5 Maces & Flails
 - Level 4.3 Throwing
 + Level 2.7 Dodging
 - Level 1.0 Stealth


You had 3 spell levels left.
You didn't know any spells.
Your spell library was empty.

Dungeon Overview and Level Annotations

Branches:
Dungeon (3/15)

Altars:
Elyvilon
Fedhas
Hepliaklqana
Ru
Xom


Innate Abilities, Weirdness & Mutations

You are too large for most types of armour.
You have tough skin. (AC +1)
Your mind is acute. (Int +2)
You evolve.


Message History

The kobold hits you with a +0 club.
You thump the kobold!
You kill the kobold!
No target in view!
Things that are here:
a +0 club; 25 stones You see here a +0 club.
An orc priest comes into view.
An orc priest is nearby!
An orc priest is nearby!
The orc priest shouts!
You hear a shout! x2
An orc warrior comes into view.
It is wielding a +2 short sword of electrocution.
You closely miss the orc priest. The orc priest hits you.
An orc comes into view.
The orc shouts!
You sock the orc priest!
You hear a shout! x2
The orc priest hits you.
You barely miss the orc warrior.
The orc priest looks encouraged for a moment.
The orc priest begins to cast a cantrip, but forgets the words!
You barely miss the orc warrior.
The orc warrior hits you with a +2 short sword of electrocution!!
You are electrocuted!
* * * LOW HITPOINT WARNING * * *
You aren't carrying any items that you can evoke.
Unknown command.
Unknown command.
Unknown command.
It was a potion of curing.
You feel better. The orc warrior closely misses you.
It was a potion of mutation.
You feel extremely strange.
You feel nature experimenting on you.
Don't worry, failures die fast.
You feel clever. The orc warrior barely misses you.
It was a potion of cancellation.
You feel magically purged.
The orc warrior hits you with a +2 short sword of electrocution.
* * * LOW HITPOINT WARNING * * *
It was a potion of stabbing.
You feel ready to backstab.
The orc warrior hits you but does no damage.
It was a potion of resistance.
You feel protected.
The orc warrior hits you with a +2 short sword of electrocution!
* * * LOW HITPOINT WARNING * * *
You feel better.
The orc warrior hits you with a +2 short sword of electrocution.
* * * LOW HITPOINT WARNING * * *
The orc priest invokes the aid of Beogh against you.
Beogh smites you!
You die...

#.......##....
#.......######
#####.).....#
#
#.).........#
+
#.###.#######
# #.# #.###
#.# #.#.. #.#
#.#.# #@#
..... #o#
#.#.# #.#
#.#.# #o# #o#
#.# #.# #o#
#o# #.# #.#
#.#####.###
#...oo....#


You could see an orc warrior, an orc priest and an orc.

Vanquished Creatures
  An iguana (D:3)
  2 dart slugs (D:1)
  2 leopard geckos
  4 giant cockroaches
  9 goblins
  9 hobgoblins
  4 jackals (D:1)
  2 ball pythons
  9 bats
  A frilled lizard (D:1)
  12 kobolds
  3 rats
58 creatures vanquished.

Notes
Turn   | Place    | Note
-------+----------+-------------------------------------------
     0 | D:1      | Apogee the Ogre Hunter began the quest for the Orb.
     0 | D:1      | Reached XP level 1. HP: 22/22 MP: 1/1
    36 | D:1      | Reached skill level 1 in Stealth
    36 | D:1      | Reached XP level 2. HP: 7/31 MP: 2/2
   745 | D:1      | Reached XP level 3. HP: 32/37 MP: 3/3
  1505 | D:2      | Found a sacrificial altar of Ru.
  1874 | D:2      | Found a hazy altar of Hepliaklqana.
  2004 | D:2      | Found a white marble altar of Elyvilon.
  2008 | D:2      | Reached XP level 4. HP: 45/48 MP: 4/4
  2026 | D:2      | Reached skill level 1 in Maces & Flails
  2136 | D:2      | Found an iron altar of Okawaru.
  2138 | D:2      | Found a radiant altar of Vehumet.
  2138 | D:2      | Found a snail-covered altar of Cheibriados.
  2140 | D:2      | Found a sacrificial altar of Ru.
  2140 | D:2      | Found a hide-covered altar of Uskayaw.
  2140 | D:2      | Found a shimmering altar of Xom.
  2773 | D:3      | Found a blossoming altar of Fedhas.
  2914 | D:3      | Noticed an orc warrior
  2925 | D:3      | Gained mutation: You evolve. [potion of mutation]
  2925 | D:3      | Gained mutation: Your mind is acute. (Int +2) [potion of
                  | mutation]
  2940 | D:3      | Killed from afar by an orc priest

Illustrated notes

Levels and vault maps discovered:
D:1:      erik_arrival_orb_chamber, layout_basic
D:2:      layout_loops_cross, lemuel_coloured_pillars_altar,
          doesnt_xom_only_xom, nicolae_ru_sacrificial_ziggurat, elyvilon_altar_5
D:3:      layout_basic, fedhas_ov_isle_minmay, uniq_terence

Skill      XL: |  1  2  3  4 |
---------------+-------------+-----
Fighting       | 3 |  3.9
Dodging        | 2 |  2.7
Stealth        | 1 |  1.0
Maces & Flails | 1 |  1.5
Throwing       | |  4.3

Action                   |  1- 3 |  4- 6 || total
-------------------------+-------+-------++-------
Melee: Short sword       |    90 |       ||    90
       Mace              |    47 |    34 ||    81
  Use: Potion            |       |     6 ||     6
 Stab: Sleeping          |     2 |     1 ||     3
Armor: Robe              |    46 |    16 ||    62
Dodge: Dodged            |    93 |    17 ||   110
       Repelled          |     1 |       ||     1

Table legend: (Time is in decaauts)
 A = Elapsed time spent in this place.
 B = Non-inter-level travel time spent in this place.
 C = Inter-level travel time spent in this place.
 D = Time resting spent in this place.
 E = Time spent auto-exploring this place.
 F = Levels seen in this place.
 G = Mean time per level.
                   A        B        C        D        E       F      G
               +--------+--------+--------+--------+--------+-----+--------+
         Total |   2980 |   2897 |     83 |    222 |   2195 |   3 |  993.3 |
       Dungeon |   2980 |   2897 |     83 |    222 |   2195 |   3 |  993.3 |
               +--------+--------+--------+--------+--------+-----+--------+

Top non-repeatable levels by time:
     D:1: 1376 daAuts
     D:2: 1116 daAuts
     D:3: 486 daAuts
